Map: Submarine LE

Players

Massa - Winner!

  • Race: Terran Terran
  • League: Platinum
  • Spawn Location: 5:00

Altaran

  • Race: Zerg Zerg
  • League: Platinum
  • Spawn Location: 11:00

VOD

Have the link to the VOD?

Description

Time

  • Played on: Jan. 16, 2021, 5:18 a.m.
  • Length: 8:33
Show
View Real Time Build Order
Export as new Build Order

Massa Terran - Winner!

Build Orders:  

Get SALT Encoding   

  12  0:00  SCV  
  13  0:12  SCV  
  14  0:19  Supply Depot  
  14  0:24  SCV  
  15  0:41  SCV  
  16  0:42  Barracks  
  16  0:45  Refinery  
  16  0:53  SCV  
  17  1:07  SCV  
  18  1:19  SCV  
  19  1:29  Marine  
  21  1:33  Orbital Command  
  20  1:44  Supply Depot  
  20  1:47  Marine  
  21  1:55  Factory  
  21  2:04  SCV  
  21  2:08  Barracks Reactor  
  22  2:16  SCV  
  22  2:28  SCV  
  23  2:35  Supply Depot  
  23  2:44  Hellion, Marine x2  
  27  2:53  Supply Depot  
  27  3:03  SCV  
  27  3:05  Starport  
  28  3:09  Hellion, Marine x2  
  32  3:20  Command Center  
  32  3:23  SCV  
  33  3:29  Marine  
  33  3:30  Refinery  
  33  3:32  Factory Tech Lab  
  34  3:37  Marine  
  35  3:55  Banshee  
  35  4:00  Factory Tech Lab  
  32  4:32  Cloaking Field  
  32  4:36  Orbital Command  
  32  4:37  SCV  
  33  4:41  Command Center  
  33  4:46  Barracks x2  
  33  4:49  SCV  
  34  4:55  Banshee  
  37  5:01  SCV  
  37  5:05  Siege Tank  
  41  5:08  SCV  
  41  5:10  Marine  
  41  5:12  Marine  
  41  5:13  SCV  
  45  5:37  Widow Mine  
  45  5:38  Medivac  
  45  5:40  Marine x2  
  45  5:42  Barracks Tech Lab  
  51  5:44  Barracks Tech Lab  
  51  5:46  SCV x2  
  53  5:58  SCV x2, Marine x2  
  57  6:08  Banshee  
  57  6:10  SCV  
  61  6:26  Marauder x2, Marine  
  61  6:27  Marine  
  61  6:28  Stimpack  
  61  6:30  SCV x3  
  70  6:42  SCV x2  
  70  6:44  Marine  
  73  6:48  Marauder  
  72  7:09  Marine x2  
  72  7:10  Marauder  
  72  7:12  Combat Shield  
  76  7:26  Marine  
  77  7:37  Supply Depot  
  77  7:38  Supply Depot x2  
  77  7:39  Supply Depot x2  
  77  7:40  Supply Depot  
  77  7:43  Siege Tank  
  77  7:53  Refinery  
  77  7:54  Refinery  
  77  7:59  Marauder x2, Marine x2, Medivac  
  85  8:05  Engineering Bay  
  85  8:06  Armory  
Show
View Real Time Build Order
Export as new Build Order

Altaran Zerg 

Build Orders: Hatch First 

Get SALT Encoding   

  12  0:00  Drone  
  13  0:08  Drone  
  14  0:23  Overlord  
  14  0:54  Hatchery  
  13  0:58  Spawning Pool  
  13  1:02  Drone  
  13  1:05  Drone  
  14  1:16  Drone x2  
  16  1:27  Drone  
  17  1:37  Drone  
  18  1:47  Drone  
  19  1:48  Queen  
  21  2:00  Hatchery  
  21  2:09  Drone  
  21  2:11  Hatchery  
  21  2:20  Extractor  
  20  2:30  Roach Warren  
  20  2:34  Zergling x4  
  20  2:35  Zergling x2  
  22  2:49  Overlord  
  22  3:01  Spore Crawler  
  21  3:25  Drone x4  
  25  3:31  Spine Crawler, Queen x2  
  28  3:36  Extractor  
  27  3:41  Roach  
  29  3:49  Roach  
  29  3:51  Drone x2  
  33  4:02  Roach  
  26  4:24  Roach  
  26  4:25  Roach x4  
  36  4:40  Overlord x3  
  36  4:49  Overlord  
  36  4:54  Overlord  
  36  5:00  Drone  
  36  5:02  Drone  
  38  5:10  Drone x2  
  40  5:20  Drone x2  
  42  5:26  Drone  
  42  5:27  Drone  
  44  5:36  Baneling Nest  
  44  5:42  Drone x2  
  45  5:43  Drone  
  46  5:50  Lair  
  46  5:53  Drone  
  47  6:04  Evolution Chamber  
  46  6:05  Evolution Chamber  
  45  6:12  Spore Crawler  
  42  6:22  Spore Crawler  
  39  6:27  Spore Crawler  
  39  6:28  Spore Crawler  
  33  6:33  Queen  
  33  7:15  Hydralisk Den  
  32  7:43  Drone  
  33  7:44  Drone x10  
  33  7:46  Spore Crawler  
  42  7:51  Zergling x4  
  44  8:00  Hydralisk  
  46  8:06  Drone x2  
Tags
 
Matchup
TvZ
Replay Pack
Multiplayer
Spawn Locations
Cross Positions
Add a new tag
Caveats
  • Supply blocks, unpowered buildings, or Contaminate may cause inaccurate times.
  • Supply counts are checked every 10 seconds.